 Dungeon Crawl Stone Soup version 0.24.0-2-g5b39cebb1c (webtiles) character file.

Game seed: 11754011578188182012, levelgen mode: deterministic

849 MTVSty1e the Chopper (level 7, 0/91 HPs)
             Began as a Minotaur Monk on Oct 29, 2019.
             Slain by a killer bee zombie (3 damage)
             ... on level 6 of the Dungeon.
             The game lasted 00:05:43 (3156 turns).

MTVSty1e the Chopper (Minotaur Monk)                Turns: 3156, Time: 00:05:45

Health: 0/91       AC: 23    Str: 17    XL:     7   Next: 69%
Magic:  6/6        EV:  2    Int:  7    God:
Gold:   311        SH:  0    Dex: 13    Spells: 6/6 levels left

rFire    + . .     SeeInvis .   a - +1 hand axe
rCold    . . .     Gourm    .   (no shield)
rNeg     + + +     Faith    .   (armour currently unavailable)
rPois    +         Spirit   .   (helmet currently unavailable)
rElec    .         Reflect  .   (cloak currently unavailable)
rCorr    .         Harm     .   (gloves currently unavailable)
MR       .....     NoTele   +   (boots currently unavailable)
Stlth    ++........             (no amulet)
HPRegen  0.25/turn              d - ring of protection from fire
MPRegen  0.10/turn              f - ring of wizardry

@: tree-form
A: (retaliatory headbutt)
a: no special abilities


You were on level 6 of the Dungeon.
You were not hungry.
You were a tree.
You visited 1 branch of the dungeon, and saw 6 of its levels.

You collected 311 gold pieces.

Inventory:

Hand Weapons
 a - a +1 hand axe (weapon)
Armour
 b - a +3 ring mail (melded)
 g - a +1 pair of gloves of dexterity (melded)
 k - a +0 cloak (melded)
Jewellery
 d - a ring of protection from fire (left branch)
 f - a ring of wizardry (right branch)
Scrolls
 h - 5 scrolls of remove curse
 i - 9 scrolls of identify
 j - 2 scrolls of noise
 m - a scroll of fog
 p - a scroll of amnesia
 q - a scroll of enchant weapon
Comestibles
 c - 4 rations


   Skills:
 + Level 5.3 Fighting
 + Level 7.5 Axes
 + Level 4.6 Armour
 + Level 5.1 Dodging
 + Level 2.5 Stealth


You had 6 spell levels left.
You didn't know any spells.
Your spell library was empty.

Dungeon Overview and Level Annotations

Branches:
Dungeon (7/15)
 Temple: D:4-7

Altars:
Dithmenos
Gozag
Ru
Vehumet

Shops:
D:2 *   D:4 [!}[   D:7 [

Annotations:
D:7 3 runed translucent doors, redmage's ghost, amateur TrMo


Innate Abilities, Weirdness & Mutations

((You reflexively headbutt those who attack you in melee.))
((You have a pair of horns on your head.))


Message History

The killer bee zombie is moderately damaged.
You closely miss the orc priest. You hit the orc.
You kill the orc!
You hit the orc.
You kill the orc!
The killer bee zombie hits you but does no damage.
The orc priest hits you with a +0 dagger.
* * * LOW HITPOINT WARNING * * *
The killer bee zombie hits you but does no damage.
You slash the orc priest!
You kill the orc priest!
You hit the killer bee zombie.
The killer bee zombie hits you but does no damage.
You hit the orc wizard.
The orc wizard is moderately wounded.
You miss the killer bee zombie.
The killer bee zombie hits you but does no damage.
The orc wizard hits you but does no damage.
The killer bee zombie hits you.
You die...

.... .. .o# #. .. .o###
:.. #..####.#. ....
#.... #...#.... .....
..... #.....##......
.....# #.###§....#..
...... ##§#§oSo.......
......# #.§§♣Z#........
.......###§#§###.......
.......#...### .......
...........# .......
.##.#.##...### .......
####.....###.#.....
#....###..#..#.###
.....#### #....# .##.
## #...##


You could see an orc wizard, an adder, an orc and a killer bee zombie.

Vanquished Creatures
  Purgy (D:3)
  A phantom (D:4)
  2 ogres
  A centaur (D:7)
  A water moccasin skeleton (D:7)
  2 hounds (D:7)
  3 orc priests (D:6)
  Jessica (D:2)
  An iguana (D:6)
  An orc wizard (D:7)
  4 gnolls (D:7)
  A howler monkey skeleton (D:6)
  An adder (D:2)
  2 oozes
  2 worms (D:2)
  A dart slug (D:1)
  4 leopard geckos
  7 orcs
  A giant cockroach (D:3)
  4 goblins
  5 hobgoblins
  5 jackals
  3 kobolds
  2 quokkas
  2 ball pythons
  3 bats
  4 frilled lizards
  6 rats
71 creatures vanquished.

Notes
Turn   | Place    | Note
-------+----------+-------------------------------------------
     0 | D:1      | MTVSty1e the Minotaur Monk began the quest for the Orb.
     0 | D:1      | Reached XP level 1. HP: 19/19 MP: 0/0
    76 | D:1      | Reached XP level 2. HP: 25/27 MP: 1/1
   576 | D:1      | Reached skill level 4 in Axes
   836 | D:2      | Noticed Jessica
   849 | D:2      | Killed Jessica
   849 | D:2      | Reached XP level 3. HP: 25/33 MP: 2/2
   891 | D:2      | Reached XP level 4. HP: 29/40 MP: 3/3
  1071 | D:2      | Found Gozag's Platinum Reserve.
  1223 | D:2      | Found an opulent altar of Gozag.
  1321 | D:3      | Found a radiant altar of Vehumet.
  1327 | D:3      | Found a shadowy altar of Dithmenos.
  1387 | D:3      | Found a sacrificial altar of Ru.
  1423 | D:3      | Noticed Purgy
  1445 | D:3      | Killed Purgy
  1445 | D:3      | Reached skill level 5 in Axes
  1445 | D:3      | Reached skill level 1 in Armour
  1445 | D:3      | Reached XP level 5. HP: 41/47 MP: 4/4
  2088 | D:4      | Noticed a phantom
  2114 | D:4      | Killed a phantom
  2114 | D:4      | Reached XP level 6. HP: 47/53 MP: 5/5
  2258 | D:4      | Reached skill level 6 in Axes
  2568 | D:4      | Found Sotasyog's Distillery.
  2568 | D:4      | Found Lenailoe's Armour Shoppe.
  2572 | D:4      | Found Araa's Antique Armour Shoppe.
  2573 | D:4      | Found Joysi's Gadget Shoppe.
  2574 | D:4      | You fall into a shaft and drop 3 floors!
  2616 | D:7      | Reached skill level 5 in Fighting
  2616 | D:7      | Reached XP level 7. HP: 19/61 MP: 6/6
  2918 | D:7      | Found Yfafot's Antique Armour Boutique.
  2926 | D:7      | Reached skill level 7 in Axes
  3056 | D:7      | Found a runed translucent gate.
  3064 | D:7      | Found a runed translucent gate.
  3064 | D:7      | Found an opulent altar of Gozag.
  3065 | D:7      | Found a runed translucent gate.
  3068 | D:7      | Noticed a white ugly thing
  3068 | D:7      | Noticed redmage's ghost (amateur TrMo)
  3068 | D:7      | Noticed a fire dragon
  3133 | D:6      | Reached skill level 5 in Dodging
  3144 | D:6      | HP: 3/91 [orc priest/divine providence (11)]
  3154 | D:6      | HP: 2/91 [orc priest/+0 dagger (1)]
  3156 | D:6      | Slain by a killer bee zombie

Levels and vault maps discovered:
D:1:      roderic_dead_forest, layout_loops_ring, eino_curves_02
D:2:      layout_rooms, nicolae_gozag_zags_fifth_avenue, uniq_jessica
D:3:      layout_loops_ring, lemuel_crystal_altar, minitemple,
          chequers_serial_rivers_large_a, uniq_purgy
D:4:      layout_basic, minmay_misc_feat_roman, minmay_shop_grid_forest
D:6:      layout_cave_pools, minmay_temple_entry_gardened_gates
D:7:      layout_rooms, grunt_temple_overflow_bloody_war, basic_altar,
          serial_shops, nicolae_shop_waterfront, ebering_ghost_gozag,
          grunt_livestock

Skill      XL: |  1  2  3  4  5  6  7 |
---------------+----------------------+-----
Fighting       | 4 5 |  5.3
Axes           | 4 5 6 7 |  7.5
Dodging        | 4 5 |  5.1
Armour         | 1 2 3 4 |  4.6
Stealth        | 2 |  2.5

Action                   |  1- 3 |  4- 6 |  7- 9 || total
-------------------------+-------+-------+-------++-------
Melee: Hand axe          |    52 |   101 |    56 ||   209
       Headbutt          |     6 |    19 |    12 ||    37
  Use: Scroll            |     3 |     4 |     5 ||    12
       Potion            |       |     1 |     3 ||     4
 Stab: Sleeping          |       |     1 |       ||     1
       Distracted        |       |       |     1 ||     1
  Eat: Chunk             |       |     4 |       ||     4
       Ration            |       |     1 |       ||     1
Armor: Robe              |     4 |       |       ||     4
       Leather armour    |     3 |       |       ||     3
       Ring mail         |       |    44 |    12 ||    56
       Skin              |       |       |    75 ||    75
Dodge: Dodged            |    33 |    71 |    27 ||   131
